[Event "Late-Titled-Tuesday-Blitz-September-05-2023"]
[Site "Chess.com"]
[Date "2023.09.05"]
[Round "8"]
[White "Malev212"]
[Black "newyorkmouse"]
[Result "0-1"]
[WhiteElo "2622"]
[BlackElo "2474"]
[TimeControl "180+1"]
[EndTime "15:29:01 PDT"]
[Termination "newyorkmouse won on time"]

1. e4 c6 2. d4 Na6 3. Nc3 Nc7 4. f4 g6 5. Nf3 Bg7 6. h4 d5 7. h5 dxe4 8. Nxe4 Bg4 9. c3 Bxh5 10. Bc4 Nf6 11.
Neg5 Ncd5 12. Rxh5 Nxh5 13. Ne5 O-O 14. Qf3 h6 15. Ne4 Nhf6 16. f5 Nxe4 17. Qxe4 Nb6 18.
Bb3 g5 19. Ng6 a5 20. Bxg5 Nd5 21. Bxd5 cxd5 22. Nxe7+ Kh8 23. Qh4 f6 24. Ng6+ Kh7 25. Be3 Re8 26. Kd2 Qb6 27. b3 Re4 28. Qh5 Rae8 29. Re1 a4 30. b4 Qc7 31. Bf4 Qc4 32. Rxe4 Rxe4 0-1

[Event "Late-Titled-Tuesday-Blitz-September-05-2023"]
[Site "Chess.com"]
[Date "2023.09.05"]
[Round "8"]
[White "zeitnot2006"]
[Black "Michalczak"]
[Result "1-0"]
[WhiteElo "2751"]
[BlackElo "2511"]
[TimeControl "180+1"]
[EndTime "15:29:03 PDT"]
[Termination "zeitnot2006 won on time"]

1. e4 e5 2. Nc3 Nf6 3. g3 d5 4. exd5 Nxd5 5. Bg2 Nxc3 6. bxc3 Nc6 7. Ne2 Be6 8. Rb1 Bd5 9. O-O Bxg2 10. Kxg2 Qd5+ 11.
f3 O-O-O 12. d3 h5 13. c4 Qe6 14. h3 Be7 15. Be3 g5 16. Nc3 f5 17. Bf2 g4 18.
fxg4 hxg4 19. h4 f4 20. Nd5 Bxh4 21. gxh4 g3 22. Bxg3 Rdg8 23. Nxf4 Rxg3+ 24. Kxg3 exf4+ 25. Rxf4 Rg8+ 26. Kh2 Nd4 27. Qf1 Qd6 28. c5 Qxc5 29. Re1 Qxc2+ 30. Qf2 Qxf2+ 31. Rxf2 Nc6 32. Kh3 Rh8 33.
Kg4 Nd4 34. h5 c5 35. Kg5 b6 36. h6 Rg8+ 37. Kh5 Rg3 38. h7 Rh3+ 39. Kg6 Kb7 40. Re8 Rg3+ 41. Kf6 1-0

[Event "Late-Titled-Tuesday-Blitz-September-05-2023"]
[Site "Chess.com"]
[Date "2023.09.05"]
[Round "8"]
[White "Jahonas"]
[Black "WPWPWP-2015"]
[Result "0-1"]
[WhiteElo "2396"]
[BlackElo "2549"]
[TimeControl "180+1"]
[EndTime "15:29:03 PDT"]
[Termination "WPWPWP-2015 won on time"]

1. d4 d5 2. Nf3 e6 3. c3 Nf6 4. Bg5 Be7 5. e3 O-O 6. Nbd2 h6 7. Bxf6 Bxf6 8. Bd3 Nd7 9. O-O Re8 10. e4 dxe4 11. Nxe4 Be7 12. Qc2 Nf8 13. Rad1 Bd7 14. Ne5 a6 15. Kh1 Bc8 16. f4 f6 17. Nf3 Bd7 18.
Rde1 b5 19. Ng3 Qc8 20. Nh4 f5 21. Nf3 Bc6 22. Ne5 Bd5 23. b3 c5 24. c4 bxc4 25. bxc4 Bb7 26. d5 g6 27. dxe6 Nxe6 28. Nxg6 Nd4 29. Qf2 Bf6 30. Nh5 Qc6 31. Qg3 Kh7 32. Ne5 Bxe5 33. fxe5 Rg8 34. Nf6+ Kh8 35. Nxg8 Rxg8 36. Be4 fxe4 37. Qe3 Qg6 38. Rf2 Nf5 39.
Qf4 e3 40. Rxe3 Bxg2+ 41. Kg1 Bf3+ 0-1

[Event "Late-Titled-Tuesday-Blitz-September-05-2023"]
[Site "Chess.com"]
[Date "2023.09.05"]
[Round "8"]
[White "TigrVShlyape"]
[Black "GM_dmitrij"]
[Result "0-1"]
[WhiteElo "2882"]
[BlackElo "3040"]
[TimeControl "180+1"]
[EndTime "15:29:04 PDT"]
[Termination "GM_dmitrij won on time"]

1. d4 d5 2. Bf4 Nf6 3. e3 c5 4. c3 Nc6 5. Nd2 Bf5 6. Ngf3 e6 7.
Bb5 Nd7 8. O-O Be7 9. dxc5 Bxc5 10. Nd4 Qb6 11. Qa4 Bxd4 12. exd4 a6 13. Bxc6 bxc6 14.
Bd6 f6 15. Rfe1 Kf7 16. c4 dxc4 17. Qxc4 Qxb2 18. Qxc6 Qb5 19. Qf3 Qd3 20. Qxd3 Bxd3 21. Re3 Bf5 22. Nc4 g5 23. Bc7 Kg6 24. Nd6 h5 25. h3 Rh7 26. Rae1 Ra7 27. Ba5 h4 28. f3 Ra8 29. Rb3 Rb8 30. Kf2 e5 31. d5 Rxb3 32.
axb3 Nc5 33. Re3 Rd7 34. Ne4 Rxd5 35. Nxc5 Rxc5 36. Re2 Bd3 37. Rd2 Bb5 38. Bb4 Rc1 0-1

[Event "Late-Titled-Tuesday-Blitz-September-05-2023"]
[Site "Chess.com"]
[Date "2023.09.05"]
[Round "8"]
[White "Alohamora11"]
[Black "Rud_Makarian"]
[Result "0-1"]
[WhiteElo "2579"]
[BlackElo "2950"]
[TimeControl "180+1"]
[EndTime "15:29:04 PDT"]
[Termination "Rud_Makarian won by resignation"]

1. e4 c5 2. Nf3 Nc6 3. d4 cxd4 4.
Nxd4 e6 5. Nc3 Qc7 6. Nb3 Nf6 7. g3 h5 8. Bf4 e5 9. Bg5 Bb4 10. Bxf6 Bxc3+ 11. bxc3 gxf6 12. h4 d6 13. Be2 Be6 14.
Bxh5 Na5 15. Nxa5 Qxc3+ 16. Kf1 Qxa5 17. Bg4 Ke7 18. Bxe6 fxe6 19. Qd3 Rac8 20. Rd1 Qa6 21. Qxa6 bxa6 22. Rb1 Rc7 23. Rb2 d5 24. Rb4 Rxc2 25.
Rb7+ Kd6 26. Rxa7 Rxa2 27. Kg2 f5 28. Rb1 fxe4 29. Rb6+ Kc5 30. Raxa6 Rxa6 31. Rxa6 d4 32. Rxe6 Kd5 33. Re7 e3 34. f4 exf4 35. gxf4 Rxh4 36.
Kf3 Rh3+ 37. Kg4 Rh1 38. f5 Rg1+ 39. Kf4 Rf1+ 40. Kg5 Kc4 41. Rc7+ Kd3 42. Rc1 0-1

[Event "Late-Titled-Tuesday-Blitz-September-05-2023"]
[Site "Chess.com"]
[Date "2023.09.05"]
[Round "8"]
[White "HajiyevKanan"]
[Black "CFalcons8"]
[Result "0-1"]
[WhiteElo "2458"]
[BlackElo "2331"]
[TimeControl "180+1"]
[EndTime "15:29:04 PDT"]
[Termination "CFalcons8 won on time"]

1. d4 Nf6 2. Nf3 e6 3. c4 d5 4. cxd5 exd5 5. Nc3 Bb4 6. Qa4+ Nc6 7. Bg5 O-O 8. a3 Bxc3+ 9. bxc3 h6 10. Bf4 Ne4 11.
Rc1 a6 12. h4 b5 13. Qc2 Bf5 14. Qa2 Na5 15. e3 c5 16. Be2 c4 17. Ne5 Nb3 18. Rc2 Qa5 19. Nc6 Nxc3 20. Nxa5 Nxa2 21. Rxa2 Nxa5 22.
g4 Bh7 23. g5 c3 24. gxh6 c2 25. Kd2 Nb3+ 26. Kc3 c1=Q+ 27. Rxc1 Nxc1 28. Rd2 Rfc8+ 29. Kb2 Nxe2 30. Rxe2 gxh6 31. Bxh6 Rc4 32. f4 Bg6 33. Rg2 Kh7 34. Bg5 Rac8 35. Kb3 Bc2+ 36. Kb2 Be4 37. Rg3 Rc2+ 38. Kb3 a5 0-1

[Event "Late-Titled-Tuesday-Blitz-September-05-2023"]
[Site "Chess.com"]
[Date "2023.09.05"]
[Round "8"]
[White "NowInChess"]
[Black "egnfanclub"]
[Result "1-0"]
[WhiteElo "2276"]
[BlackElo "2284"]
[TimeControl "180+1"]
[EndTime "15:29:05 PDT"]
[Termination "NowInChess won on time"]

1. e4 e5 2. Nf3 Nc6 3. Bb5 a6 4. Ba4 d6 5. c3 f5 6. exf5 Bxf5 7. d4 e4 8. d5 exf3 9. dxc6 Qe7+ 10. Be3 b5 11. Bb3 fxg2 12. Rg1 Nh6 13. Rxg2 Be4 14. Rg1 Nf5 15. Qg4 Nxe3 16. fxe3 Bxc6 17. Nd2 Qxe3+ 18. Kd1 Kd8 19. Re1 Qf2 20. Bd5 Bxd5 21. Qg5+ Qf6 22. Qxd5 Rb8 23. Kc2 Kd7 24. Rad1 c6 25. Qd3 Be7 26. Ne4 Qe5 27. Qh3+ Kc7 28. Nxd6 Bxd6 29. Rxe5 Bxe5 30. Qd7+ Kb6 31. Qe7 Rhe8 32. Qf7 Bf6 33. Rd7 a5 34. Ra7 Rec8 35. Qd7 1-0

[Event "Late-Titled-Tuesday-Blitz-September-05-2023"]
[Site "Chess.com"]
[Date "2023.09.05"]
[Round "8"]
[White "Beca95"]
[Black "BeanScreen"]
[Result "1-0"]
[WhiteElo "2962"]
[BlackElo "2702"]
[TimeControl "180+1"]
[EndTime "15:29:09 PDT"]
[Termination "Beca95 won by checkmate"]

1. d4 d5 2. c4 e6 3. Nf3 a6 4. cxd5 exd5 5. Nc3 h6 6. Bf4 Nf6 7. e3 Bd6 8. Bg3 O-O 9. Bd3 Nc6 10. a3 Ne7 11. Qc2 g6 12. Bh4 Nf5 13. Bxf6 Qxf6 14. Nxd5 Qd8 15. Nc3 Nh4 16. Nxh4 Qxh4 17. Ne4 Re8 18.
Nxd6 Rxe3+ 19. Kf1 Rxd3 20. Qxd3 cxd6 21. Re1 Bd7 22.
Kg1 Bb5 23. Qd2 Rc8 24. f3 Rc2 25. g3 Rxd2 26. gxh4 Rxb2 27. h5 Ra2 28. hxg6 fxg6 29.
h4 Rxa3 30. Kf2 Kf7 31. Re3 Ra2+ 32. Kg3 Rd2 33. Rhe1 Rxd4 34. Re7+ Kf6 35. R1e6+ Kf5 36. Re3 Kf6 37. Rxb7 g5 38. h5 Rd1 39. Rh7 Rg1+ 40. Kf2 Rf1+ 41. Kg2 Rd1 42. Rxh6+ Kf5 43. Re7 g4 44.
fxg4+ Kxg4 45. Rg7+ Kh4 46. Rh8 a5 47. h6 a4 48. h7 Bc6+ 49. Kf2 Rd2+ 50. Ke3 Rb2 51. Rhg8 Rb3+ 52. Kd2 Rb2+ 53. Kc1 Rb5 54. h8=R+ Rh5 55. Rxh5+ Kxh5 56. Rh8# 1-0

[Event "Late-Titled-Tuesday-Blitz-September-05-2023"]
[Site "Chess.com"]
[Date "2023.09.05"]
[Round "8"]
[White "Sibelephant"]
[Black "Durarbayli"]
[Result "1-0"]
[WhiteElo "3110"]
[BlackElo "2886"]
[TimeControl "180+1"]
[EndTime "15:29:12 PDT"]
[Termination "Sibelephant won on time"]

1. Nf3 c5 2. b3 d5 3. e3 a6 4. Bb2 Nc6 5. d4 Nf6 6. Be2 Bg4 7.
Nbd2 e6 8. O-O cxd4 9. Nxd4 Bxe2 10. Qxe2 Be7 11. c4 Nxd4 12. Bxd4 O-O 13. Rad1 Qa5 14. cxd5 exd5 15. Bxf6 Bxf6 16. Nf3 Rac8 17. g3 g6 18. Rd3 Rc5 19. Rfd1 Rfc8 20. Kg2 Kg7 21. R1d2 Bc3 22. Rc2 Bf6 23. Qd2 Qa3 24. Rxc5 Rxc5 25. Rxd5 Rxd5 26. Qxd5 b5 27. Qd2 Bb2 28. Ne1 b4 29. Nc2 Qxa2 30.
Qxb4 Bf6 31. Qc4 a5 32. Ne1 h5 33. Nd3 Qe2 34. h3 Qd1 35. Nf4 Qd7 36. Qd5 Qc7 37. Nd3 Qc3 38. Nc5 Qc2 39. Nb7 Bc3 40.
Nd6 1-0

[Event "Late-Titled-Tuesday-Blitz-September-05-2023"]
[Site "Chess.com"]
[Date "2023.09.05"]
[Round "8"]
[White "emeli_chess"]
[Black "Verony64"]
[Result "1-0"]
[WhiteElo "2362"]
[BlackElo "2245"]
[TimeControl "180+1"]
[EndTime "15:29:15 PDT"]
[Termination "emeli_chess won on time"]

1. d4 c5 2. d5 e5 3. c4 d6 4. Nc3 g6 5. e4 Bg7 6. Be3 Ne7 7. Qd2 h6 8. f3 a6 9. Bd3 b6 10. g4 Nd7 11. Nge2 Qc7 12. Ng3 Nf6 13. h4 Bd7 14. h5 g5 15. Nf5 Nxf5 16. gxf5 Rb8 17. Kf2 b5 18. cxb5 axb5 19. a4 c4 20. Be2 b4 21.
Nb5 Bxb5 22. axb5 Rxb5 23. Ra8+ Ke7 24. Ra7 Rb7 25. Rxb7 Qxb7 26. Bxc4 Rc8 27. b3 Nd7 28. Ra1 Nc5 29. Qa2 g4 30. Qa7 Rc7 31. Qxb7 Rxb7 32.
Ra8 gxf3 33. Kxf3 Nd7 34. Rg8 Bf8 35. Rh8 Nf6 36. Bxh6 Bxh6 37. Rxh6 Rb8 38. Be2 Rg8 39. Ke3 Rg3+ 40. Kf2 Rxb3 41. Rh8 Rh3 42. Rb8 Nxe4+ 43. Kg2 Re3 44. Bf3 Ng5 45. h6 Rxf3 46. h7 Rh3 47.
h8=Q Rxh8 48. Rxh8 Kf6 49. Rb8 Kxf5 50. Rxb4 Ne4 51.
Kf3 Nc3 52. Rb7 1-0

[Event "Late-Titled-Tuesday-Blitz-September-05-2023"]
[Site "Chess.com"]
[Date "2023.09.05"]
[Round "8"]
[White "DefiantChair"]
[Black "Eloist"]
[Result "1-0"]
[WhiteElo "2652"]
[BlackElo "2468"]
[TimeControl "180+1"]
[EndTime "15:29:18 PDT"]
[Termination "DefiantChair won by resignation"]

1. e4 e6 2. d4 d5 3. Nd2 c5 4. exd5 Qxd5 5. Ngf3 cxd4 6. Bc4 Qd6 7. O-O Nf6 8. Nb3 Nc6 9. Nbxd4 Nxd4 10. Nxd4 a6 11. Re1 Qc7 12. Qe2 Bd6 13. Bg5 Bxh2+ 14. Kh1 Bf4 15. Bxf6 gxf6 16. Bxe6 O-O 17. Bf5 Kh8 18.
c3 Rg8 19. Qe4 Bxf5 20. Nxf5 Rad8 21. Rad1 Be5 22. g3 Qc6 23. Qxc6 bxc6 24. Ne7 Rge8 25.
Nxc6 Rxd1 26. Rxd1 Re6 27. Nb4 a5 28. Nd5 Rd6 29.
b3 f5 30. c4 Kg7 31. Kg2 h5 32. Ne3 Rxd1 33. Nxd1 f4 34. gxf4 Bxf4 35. Nc3 Be5 36.
Nd5 Kg6 37. a3 Kf5 38. b4 axb4 39. axb4 Ke4 40. b5 Kd4 41. Ne3 Bf4 42. Kf3 Bg5 43.
b6 Bd8 44. b7 Bc7 45. Nd5 Bb8 46. Nb6 Kc5 47. Nd7+ Kc6 48. Nxb8+ Kxb7 49. Nd7 Kc6 50.
Ne5+ Kc5 51. Nxf7 Kxc4 52. Ng5 Kd5 53. Nh3 Ke5 54. Kg3 Kf5 1-0

[Event "Late-Titled-Tuesday-Blitz-September-05-2023"]
[Site "Chess.com"]
[Date "2023.09.05"]
[Round "8"]
[White "IMSlavin"]
[Black "Casper"]
[Result "1-0"]
[WhiteElo "2193"]
[BlackElo "2437"]
[TimeControl "180+1"]
[EndTime "15:29:21 PDT"]
[Termination "IMSlavin won on time"]

1. e4 c5 2. g3 h5 3. h3 d5 4.
exd5 Qxd5 5. Qf3 Nf6 6. Nc3 Qxf3 7. Nxf3 Bf5 8. d3 Nc6 9. a3 e6 10. Bg2 Be7 11. O-O O-O 12. Bg5 Rac8 13. Rfe1 Nd4 14.
Rac1 Nxf3+ 15. Bxf3 Bxh3 16. Bxh5 Nxh5 17. Bxe7 Rfe8 18.
Bg5 Rc6 19. b3 e5 20. Be3 b6 21. Nb5 a6 22. Nc3 f5 23. Bd2 Rg6 24. Kh2 Bg4 25. f4 Kf7 26. Rxe5 Rh8 27. Kg2 Bh3+ 28. Kf2 Rxg3 29. Rg1 Rxg1 30. Kxg1 Rh6 31. Kf2 Rg6 32. Nd5 Rg2+ 33. Ke1 Rg1+ 34. Kf2 Rg2+ 35. Ke1 Ng3 36.
Ne3 Re2+ 37. Kd1 Rf2 38. Be1 Rf3 39. Bxg3 Rxg3 40. Nxf5 1-0

[Event "Late-Titled-Tuesday-Blitz-September-05-2023"]
[Site "Chess.com"]
[Date "2023.09.05"]
[Round "8"]
[White "jcibarra"]
[Black "Leo_C"]
[Result "1-0"]
[WhiteElo "2902"]
[BlackElo "2648"]
[TimeControl "180+1"]
[EndTime "15:29:23 PDT"]
[Termination "jcibarra won on time"]

1. e4 c5 2. Nf3 e6 3. d4 cxd4 4. Nxd4 Nf6 5. Nc3 Nc6 6. Ndb5 d6 7. Bf4 e5 8. Bg5 a6 9. Na3 b5 10. Bxf6 gxf6 11. Nd5 Bg7 12. g3 Ne7 13. Nxe7 Qxe7 14.
Bg2 Be6 15. c3 Rc8 16. O-O f5 17. exf5 Bxf5 18. Nc2 Be6 19. Ne3 O-O 20. Qh5 f5 21.
Rfd1 f4 22. Be4 h6 23. Nf5 Bxf5 24. Bxf5 Rcd8 25. Qg6 Rf6 26. Qh7+ Kf8 27. Be4 Qf7 28. Rd3 Qg8 29. Qxg8+ Kxg8 30. a4 fxg3 31. hxg3 h5 32. Bb7 h4 33. Bxa6 bxa4 34. Bc4+ Kf8 35. Rxa4 hxg3 36.
fxg3 Bh6 37. Bd5 Kg7 38. Ra7+ Kh8 39. Kg2 Rdf8 40. Kh3 Bg5 41. Be4 Rh6+ 42. Kg2 Bc1 43. b4 Bg5 44. b5 Bd8 45. Rb7 Rff6 46. c4 Rf8 47. Rd7 1-0

[Event "Late-Titled-Tuesday-Blitz-September-05-2023"]
[Site "Chess.com"]
[Date "2023.09.05"]
[Round "8"]
[White "Jospem"]
[Black "GaiozNigalidze"]
[Result "1-0"]
[WhiteElo "3033"]
[BlackElo "2776"]
[TimeControl "180+1"]
[EndTime "15:29:25 PDT"]
[Termination "Jospem won on time"]

1. e4 c5 2. Nf3 Nc6 3. c3 e5 4. Bc4 Bd6 5. d3 h6 6. Nbd2 Nge7 7. a4 Bc7 8. Nf1 d5 9. exd5 Nxd5 10. Ng3 O-O 11. O-O Nf4 12. Re1 Na5 13. Bxf4 exf4 14. Ne4 b6 15. Ba2 Bg4 16. d4 cxd4 17. Qxd4 Bxf3 18.
Qxd8 Raxd8 19. gxf3 Kh7 20. Re2 Nc6 21. Kg2 Ne5 22.
Nd2 Rd6 23. Bb1+ Kg8 24. Bc2 Rfd8 25. Nb3 Nc4 26. Nd4 Bb8 27. Rae1 Kf8 28. Bb3 Na5 29. Bc2 Nc6 30. Nb3 Rd5 31. Be4 Rg5+ 32. Kf1 Ne5 33.
Nd4 Rh5 34. Kg2 Rg5+ 35. Kh1 g6 36. b4 Kg7 37. a5 Nc4 38. a6 Re8 39. Nc6 Nd6 40.
Bd3 Rc8 41. Nxb8 Rxb8 42. Re7 Rd8 43. Rxa7 Nf5 44. Bc4 Nd6 45. Bb3 b5 46. Rc7 1-0

[Event "Late-Titled-Tuesday-Blitz-September-05-2023"]
[Site "Chess.com"]
[Date "2023.09.05"]
[Round "8"]
[White "GarayevKanan"]
[Black "ArtemDyachuk"]
[Result "1-0"]
[WhiteElo "2715"]
[BlackElo "2552"]
[TimeControl "180+1"]
[EndTime "15:29:26 PDT"]
[Termination "GarayevKanan won on time"]

1. c4 e5 2. Nc3 Nf6 3. Nf3 e4 4. Ng5 c6 5. Qa4 Qe7 6. Qc2 b5 7. cxb5 d5 8. bxc6 Qc7 9. d3 h6 10. dxe4 hxg5 11. exd5 Bb4 12. e4 Rh4 13. f3 g4 14. Bg5 Rxh2 15. Rxh2 Qg3+ 16. Qf2 Qxh2 17. O-O-O gxf3 18. e5 Bxc3 19. bxc3 Ne4 20. Qe3 fxg2 21.
Bb5 Nxg5 22. c7+ Kf8 23. Qxg5 Qh6 24. Qxh6 gxh6 25. cxb8=Q Rxb8 26. Bd3 h5 27. Rg1 Bh3 28.
Be4 Rc8 29. Kd2 Rc4 30. Kd3 Ra4 31. a3 h4 32. c4 Rxa3+ 33. Kd4 Rg3 34. c5 Bg4 35. Rxg2 Rxg2 36. Bxg2 h3 37. Bh1 h2 38. c6 Ke7 39. Kc5 a5 40. Kb6 a4 41. d6+ Ke6 42.
d7 Ke7 43. Kc7 Kf8 44. d8=Q+ Kg7 45. Qg5+ 1-0

[Event "Late-Titled-Tuesday-Blitz-September-05-2023"]
[Site "Chess.com"]
[Date "2023.09.05"]
[Round "8"]
[White "lachesisQ"]
[Black "Fandorine"]
[Result "0-1"]
[WhiteElo "3070"]
[BlackElo "2940"]
[TimeControl "180+1"]
[EndTime "15:29:27 PDT"]
[Termination "Fandorine won on time"]

1. d4 Nf6 2. c4 g6 3. Nc3 Bg7 4. e4 d6 5. Be2 O-O 6. Nf3 e5 7. O-O h6 8. Qc2 Nbd7 9. Re1 Re8 10. Bf1 exd4 11. Nxd4 a6 12. f3 Ne5 13. Be3 c5 14. Nb3 Be6 15. Rad1 Qc7 16. Nd2 g5 17. b3 Rad8 18.
Be2 Qa5 19. Nf1 Nc6 20. Bd2 Nd4 21. Qb1 Qc7 22. Ne3 Qb8 23. a4 Qc7 24. Nc2 Qb6 25. Bf1 Nh5 26. Nxd4 cxd4 27. Na2 Nf4 28. Nc1 d3+ 29. Kh1 Bxc4 30. Be3 Qb4 31. Bxd3 Nxd3 32. Nxd3 Qxb3 33. Nf2 Qxb1 34. Rxb1 d5 35. Rxb7 dxe4 36. fxe4 f5 37. exf5 Bc3 38. Ng4 h5 39. Nh6+ Kh8 40.
Rc1 Rxe3 41. h4 gxh4 42. f6 Bxf6 43. Rxc4 Rd1+ 44. Kh2 Be5+ 45. g3 Bxg3+ 46. Kg2 Rd2+ 0-1

[Event "Late-Titled-Tuesday-Blitz-September-05-2023"]
[Site "Chess.com"]
[Date "2023.09.05"]
[Round "8"]
[White "KrokerGuy"]
[Black "ChessSwole"]
[Result "1-0"]
[WhiteElo "2512"]
[BlackElo "2664"]
[TimeControl "180+1"]
[EndTime "15:29:27 PDT"]
[Termination "KrokerGuy won on time"]

1. e4 c5 2. Nf3 d6 3. d4 cxd4 4. Nxd4 Nf6 5. Nc3 a6 6. Bg5 e6 7. f4 Qc7 8. Bxf6 gxf6 9. Qd2 b5 10. a3 Bb7 11. O-O-O Nc6 12. Kb1 h5 13. f5 Nxd4 14. Qxd4 Be7 15. g3 O-O-O 16. fxe6 fxe6 17. Bh3 Qd7 18. Qa7 f5 19. Nd5 Bxd5 20. Qxd7+ Kxd7 21. exd5 Rdf8 22. dxe6+ Kxe6 23. Rhf1 Rf6 24. Rxf5 Rxf5 25. Re1+ Kf7 26. Bxf5 Bf6 27. c3 Be5 28. Re2 Kf6 29. Rf2 Kg5 30.
h4+ Kh6 31. g4 hxg4 32. Bxg4 Kg6 33. h5+ Kg5 34. Be2 Rc8 35. Kc2 Rh8 36. Rg2+ Kf4 37.
Kd3 Bf6 38. Rg6 Kf5 39. Bf3 Re8 40. Be4+ Ke5 41. Rg4 d5 42. Bg6 Rh8 43. a4 Rb8 44. axb5 Rxb5 45. Kc2 a5 46. h6 Rb7 47. Ra4 1-0

[Event "Late-Titled-Tuesday-Blitz-September-05-2023"]
[Site "Chess.com"]
[Date "2023.09.05"]
[Round "8"]
[White "Doudou2015"]
[Black "IngOscarArdila"]
[Result "1-0"]
[WhiteElo "2214"]
[BlackElo "2363"]
[TimeControl "180+1"]
[EndTime "15:29:27 PDT"]
[Termination "Doudou2015 won by checkmate"]

1. b3 Nf6 2. Bb2 e6 3. e3 Be7 4. f4 O-O 5. Nf3 d6 6. Be2 c5 7.
O-O Nc6 8. d3 Ne8 9. Nbd2 Bf6 10. Bxf6 Nxf6 11. e4 Qc7 12. g3 Nd4 13. Nxd4 cxd4 14. Nf3 e5 15. Rc1 Re8 16. Qd2 Qb6 17. Kg2 Ng4 18. Rfe1 Ne3+ 19. Kh1 Re6 20. c3 Rh6 21.
fxe5 dxe5 22. Nxe5 f6 23. cxd4 fxe5 24. Qxe3 exd4 25. Qf2 Be6 26. Rf1 Rf6 27. Qg1 Rh6 28.
Rf4 Rd8 29. Bg4 Qb4 30. Bxe6+ Rxe6 31. Rc4 Qb6 32. Qf2 h6 33. Rc1 Qb4 34. Rc4 Qb6 35. Rc1 Qa5 36. Rf1 Ree8 37. Rf5 Qc3 38. Qf3 Qb4 39.
Qh5 Qd6 40. Qf7+ Kh7 41. R1f3 Re7 42. Qh5 Qb4 43. Rf7 Rdd7 44. Qf5+ Kg8 45. Rf8# 1-0

[Event "Late-Titled-Tuesday-Blitz-September-05-2023"]
[Site "Chess.com"]
[Date "2023.09.05"]
[Round "8"]
[White "Parhamov"]
[Black "Firouzja2003"]
[Result "0-1"]
[WhiteElo "2982"]
[BlackElo "3133"]
[TimeControl "180+1"]
[EndTime "15:29:28 PDT"]
[Termination "Firouzja2003 won on time"]

1. d4 Nf6 2. c4 e6 3. Nf3 d5 4. g3 dxc4 5. Bg2 Nc6 6. O-O Rb8 7. a4 b6 8. Nc3 Bb7 9. Bf4 Be7 10. Nb5 Nd5 11.
Bd2 O-O 12. Qc2 a6 13. Na3 Bxa3 14. bxa3 b5 15. Rab1 Ba8 16. axb5 axb5 17. a4 bxa4 18. Qxc4 Nb6 19. Qd3 h6 20. e4 Qd7 21. Rfc1 Rfd8 22.
Bc3 Bb7 23. Ba1 Ra8 24. Qc3 f6 25. Rb5 Ne7 26. Rc5 Bxe4 27. Ne5 fxe5 28. Bxe4 Nbd5 29. Qf3 Rf8 30. Qh5 Nf6 31. Qxe5 Nxe4 32. Qxe4 Nd5 33. Re1 Ra6 34. h4 a3 35. Re2 a2 36. Kh2 Rb8 37.
Rc1 Nf6 38. Qd3 Ra5 39. Qc4 Qd5 40. Qxc7 Rb1 41. Qc8+ Kh7 42. Qc2+ Qf5 0-1

[Event "Late-Titled-Tuesday-Blitz-September-05-2023"]
[Site "Chess.com"]
[Date "2023.09.05"]
[Round "8"]
[White "Mesa_1"]
[Black "Zhigalko_Sergei"]
[Result "1/2-1/2"]
[WhiteElo "2630"]
[BlackElo "2884"]
[TimeControl "180+1"]
[EndTime "15:29:31 PDT"]
[Termination "Game drawn by repetition"]

1. e4 c5 2. Nf3 Nc6 3. Nc3 Nf6 4. d4 cxd4 5. Nxd4 e5 6. Ndb5 d6 7.
Bg5 a6 8. Na3 b5 9. Nab1 Be7 10.
Bxf6 Bxf6 11. a4 b4 12. Nd5 Bg5 13. Bc4 O-O 14. O-O Kh8 15. Qd3 f5 16. Nd2 Bxd2 17. Qxd2 a5 18. exf5 Bxf5 19. Ne3 Bg6 20. Rad1 Bh5 21.
f3 Qb6 22. Kh1 Rad8 23. c3 bxc3 24. bxc3 e4 25. g4 Bg6 26. f4 Qc5 27. Kg2 h6 28. h3 Rb8 29. Qe2 Qa3 30. Bb5 Na7 31. f5 Bf7 32. f6 g5 33. h4 Qc5 34. Rf5 Qxc3 35.
hxg5 Nxb5 36. axb5 Be6 37. Rf2 Qe5 38. gxh6 Rxf6 39.
Rxf6 Qxf6 40. Rxd6 Rf8 41. Nf5 Qe5 42. Rxe6 Qxe6 43.
Qb2+ Qf6 44. Qd2 Rg8 45. Kh3 a4 46. Qd7 Qg6 47. Qd4+ Kh7 48. Qd7+ Kh8 49. Qd4+ Kh7 50. Qd7+ Kh8 1/2-1/2

[Event "Late-Titled-Tuesday-Blitz-September-05-2023"]
[Site "Chess.com"]
[Date "2023.09.05"]
[Round "8"]
[White "Rutricks"]
[Black "geordie_derraugh"]
[Result "1-0"]
[WhiteElo "2685"]
[BlackElo "2498"]
[TimeControl "180+1"]
[EndTime "15:29:31 PDT"]
[Termination "Rutricks won on time"]

1. c4 Nf6 2. Nf3 g6 3. g3 Bg7 4. Bg2 O-O 5. O-O d5 6. cxd5 Nxd5 7. d4 Bg4 8. h3 Bf5 9. Qb3 Nb6 10. Nc3 Nc6 11. e4 Bd7 12. Be3 e5 13. dxe5 Nxe5 14. Nxe5 Bxe5 15. f4 Bg7 16. Rad1 Qc8 17. Kh2 c5 18. e5 Be6 19. Qb5 c4 20. Bxb6 axb6 21. Qxb6 Ra6 22. Qxb7 Qxb7 23. Bxb7 Rb6 24. Bg2 Rxb2 25.
Rb1 Rfb8 26. Rxb2 Rxb2 27. Rb1 Rc2 28. Rb8+ Bf8 29. Ne4 Rxa2 30. Kg1 Kg7 31. Bf1 Bd5 32. Bg2 Bc5+ 33. Nxc5 Rxg2+ 34. Kf1 Rxg3 35. Rd8 Bc6 36. Rc8 Bb5 37. Rb8 Bc6 38. Rc8 Bf3 39. Kf2 Rxh3 40. Rc7 Bd5 41. Rd7 Bc6 42. Ne6+ Kh6 43.
Rxf7 c3 44. Ng5 Rh2+ 45. Ke3 Kh5 46. Rxh7+ Kg4 47. Rxh2 c2 48. Rxc2 1-0

[Event "Late-Titled-Tuesday-Blitz-September-05-2023"]
[Site "Chess.com"]
[Date "2023.09.05"]
[Round "8"]
[White "leoduarte"]
[Black "Bilan_Danila"]
[Result "1-0"]
[WhiteElo "2396"]
[BlackElo "2490"]
[TimeControl "180+1"]
[EndTime "15:29:31 PDT"]
[Termination "leoduarte won on time"]

1. d4 d5 2. Nf3 Nf6 3. Bf4 c5 4. e3 Nc6 5. Nbd2 Bg4 6. c3 Qb6 7. b3 e6 8. Be2 cxd4 9. Nxd4 Bxe2 10. Qxe2 Nxd4 11. exd4 Rc8 12. Qd3 Ba3 13. Rb1 Qc6 14. c4 dxc4 15. bxc4 Qxg2 16. Rf1 Be7 17. Qg3 Qxg3 18.
hxg3 b6 19. Ke2 O-O 20. a4 Rfd8 21. Be3 Ng4 22. a5 Nxe3 23. fxe3 Rc6 24. axb6 axb6 25. Rb5 Ra8 26. Rfb1 Bd8 27. R1b2 g6 28. d5 exd5 29.
cxd5 Rc5 30. Rxc5 bxc5 31. Ne4 c4 32. Rc2 Ra4 33. Nd6 Ra5 34. e4 Ra3 35. Rxc4 Kg7 36. Rc8 Bb6 37. Nc4 Ra2+ 38. Kf3 Bg1 39. d6 Rf2+ 40. Kg4 h5+ 41. Kh3 1-0

[Event "Late-Titled-Tuesday-Blitz-September-05-2023"]
[Site "Chess.com"]
[Date "2023.09.05"]
[Round "8"]
[White "drinbet"]
[Black "Langua_Chess"]
[Result "0-1"]
[WhiteElo "2268"]
[BlackElo "2486"]
[TimeControl "180+1"]
[EndTime "15:29:31 PDT"]
[Termination "Langua_Chess won by resignation"]

1. e4 c6 2. Nc3 d5 3. d3 e5 4. h3 Nf6 5. Nf3 d4 6. Ne2 Bd6 7. c3 c5 8. g4 Nc6 9. Bg2 dxc3 10. bxc3 O-O 11. Ng3 Ne8 12. O-O Nc7 13. Be3 b6 14.
Ne2 Bb7 15. Qc2 Rc8 16. Rad1 Qe7 17. Qb1 Ne6 18. Rfe1 Rfd8 19. Rd2 Nf4 20. Bxf4 exf4 21. Rdd1 Bb8 22. Qc1 g5 23. Nd2 Rxd3 24. Nc4 Rcd8 25. Rxd3 Rxd3 26. Nb2 Rd8 27. Bf3 Ne5 28. Bh1 Nd3 29.
Nxd3 Rxd3 30. Qc2 Rxh3 31. Nc1 f3 32. Qd3 Qe5 33. Bxf3 Qh2+ 34. Kf1 Be5 35. Ne2 Kg7 36.
Ng1 Rh4 37. Ke2 Bf4 38. Qd7 Ba6+ 39. Kd1 Qxf2 40. Qd2 Bxd2 41. Re2 Qf1+ 42. Kc2 Qxg1 43. Kxd2 Bxe2 44. Bxe2 Qh2 45. Kd3 Qf4 46. Kc4 Rh2 47. Kb5 Rxe2 0-1

[Event "Late-Titled-Tuesday-Blitz-September-05-2023"]
[Site "Chess.com"]
[Date "2023.09.05"]
[Round "8"]
[White "SalihEke"]
[Black "temus_galaktionov"]
[Result "0-1"]
[WhiteElo "2545"]
[BlackElo "2819"]
[TimeControl "180+1"]
[EndTime "15:29:32 PDT"]
[Termination "temus_galaktionov won by resignation"]

1. d4 c6 2. c3 g6 3. Nf3 Bg7 4. Bf4 d6 5. Nbd2 Nd7 6. e4 e5 7.
Bg3 Ngf6 8. dxe5 dxe5 9. Nxe5 Nh5 10. Nxd7 Nxg3 11. hxg3 Bxd7 12. Be2 O-O 13. O-O Qe7 14. Qc2 Rae8 15. Rfe1 h5 16. Rad1 Bc8 17. Bf3 b5 18.
a4 a6 19. axb5 cxb5 20. Nb3 Be5 21. Nd4 Qc5 22. Qd2 Rd8 23. Qe3 b4 24. cxb4 Qb6 25.
Nf5 Qxe3 26. Nxe3 Bxb2 27. Nd5 Be6 28. Be2 Bxd5 29. Rxd5 Rxd5 30. exd5 Bc3 31. Rb1 Rb8 32. Bxa6 Rxb4 33. Rc1 Be5 34. f4 Bd4+ 35. Kh2 Rb6 36.
Bd3 Rd6 37. Be4 Kf8 38. Rc7 Bf2 39. Kh3 Rb6 40. g4 hxg4+ 41. Kxg4 f5+ 42. Bxf5 gxf5+ 43. Kxf5 Rb5 44. Ke6 Bg3 45. f5 Bxc7 0-1